 Dungeon Crawl Stone Soup version 0.13-a0-1590-g33f0eee (webtiles) character file.

1298 hrbhrr the Cleaver (level 8, -1/62 HPs)
             Began as a Hill Orc Death Knight on June 13, 2013.
             Was a Priest of Yredelemnul.
             Slain by a flying skull (3 damage)
             ... created by the player character
             ... on Level 5 of the Dungeon.
             The game lasted 00:32:54 (5020 turns).

hrbhrr the Cleaver (Hill Orc Death Knight)          Turns: 5020, Time: 00:32:55

HP  -1/62        AC  8     Str 16      XL: 8   Next: 31%
MP  13/13        EV  6     Int 13      God: Yredelemnul [***...]
Gold 204         SH  0     Dex 10      Spells:  0 memorised,  7 levels left

Res.Fire  : . . .   See Invis. : +   a - +1,+2 orc hand axe {=f}
Res.Cold  : . . .   Warding    : .   r - +0 chain mail
Life Prot.: . . .   Conserve   : .   (no shield)
Res.Poison: .       Res.Corr.  : .   (no helmet)
Res.Elec. : .       Clarity    : .   (no cloak)
Sust.Abil.: . .     Spirit.Shd : .   (no gloves)
Res.Mut.  : .       Stasis     : .   (no boots)
Res.Rott. : .       Flight     : .   (no amulet)
Saprovore : + . .                    k - ring of see invisible
                                     h - ring of protection from magic {unknown}

@: injury mirror, quite resistant to hostile enchantments, extremely unstealthy
A: saprovore 1
a: Animate Dead, Recall Undead Slaves, Injury Mirror, Renounce Religion


You were on level 5 of the Dungeon.
You worshipped Yredelemnul.
Yredelemnul was greatly pleased with you.
You were not hungry.

You visited 2 branches of the dungeon, and saw 6 of its levels.
You also visited: Sewer.

You collected 184 gold pieces.

Inventory:

Hand weapons
 a - a +1,+2 orcish hand axe (weapon) {=f}
 v - a +1 elven blowgun
Missiles
 w - 13 poisoned needles
Armour
 b - a +0 orcish leather armour
 l - a +0 scale mail
 o - a +0 cloak
 r - a +0 chain mail (worn)
Magical devices
 f - a wand of random effects (12) {unknown}
Comestibles
 c - 2 meat rations
 j - 5 bread rations
 x - a rotting chunk of orc flesh
 A - a lychee
Scrolls
 e - 3 scrolls of remove curse
 i - 3 scrolls of identify
Jewellery
 h - a ring of protection from magic (left hand) {unknown}
 k - a ring of see invisible (right hand)
 p - a cursed ring of hunger {unknown}
Potions
 d - 3 potions of confusion {unknown}
 n - 2 potions of poison {unknown}
 u - 3 potions of brilliance {unknown}
 z - 3 potions of magic {unknown}
 B - a potion of restore abilities {unknown}
 C - 2 potions of resistance {unknown}
 D - a potion of berserk rage
Books
 m - a Necronomicon {highlevel}

   This book is beyond your current level of understanding.

   Spells                             Type                      Level
   Borgnjor's Revivification          Necromancy                   7
   Haunt                              Necromancy/Summoning         7
   Death's Door                       Charms/Necromancy            8
   Necromutation                      Transmutation/Necromancy     8


   Skills:
 - Level 2.4 Fighting
 + Level 12.0 Axes
 - Level 1.1 Armour
 - Level 0.7 Dodging
 - Level 3.6 Invocations


You had 7 spell levels left.
You didn't know any spells.

Dungeon Overview and Level Annotations

Branches:
Dungeon (5/27)             Temple (1/1) D:5

Altars:
Ashenzari
Cheibriados
Elyvilon
Fedhas
Kikubaaqudgha
Makhleb
Nemelex Xobeh
Okawaru
Sif Muna
Trog
Vehumet
Xom
Yredelemnul
Zin
the Shining One


Innate Abilities, Weirdness & Mutations

You can tolerate rotten meat.


Message History

* * * LOW HITPOINT WARNING * * *
Yredelemnul mirrors your injury!
The flying skull is heavily damaged.
Your centaur zombie barely misses the flying skull.
Your centaur zombie hits the flying skull.
The flying skull hits your centaur zombie.
Your centaur zombie hits the flying skull.
The flying skull hits you.
* * * LOW HITPOINT WARNING * * *
Yredelemnul mirrors your injury!
The flying skull is severely damaged.
The flying skull hits your centaur zombie.
Your centaur zombie misses the flying skull.
Your centaur zombie closely misses the flying skull.
The flying skull hits your centaur zombie!
Your centaur zombie is destroyed!
Your centaur zombie hits the flying skull but does no damage.
The flying skull hits you.
You die...
Your body rises from the dead as a mindless zombie.

.....z....(.(....................
.................................
.................................
.................................
.................................
.........).......................
............z..............z.....
............Zz....)..............
............z.zz@............%...
...........#.....(##.(.(....z....
##.........#.....(##........z....
#.......###....##..........z....
#......##########..........z....
###......# #...........z...
#......# #...............
####...# #........)...... #####
#...............


You could see 2 flying skulls, a friendly wight, a friendly gnoll zombie, a
friendly orc zombie and a friendly centaur zombie.

Vanquished Creatures
  The ghost of kroupouk the Cudgeler, an average HuAK of Lugonu (D:4)
  A flying skull (D:5)
  A phantom (D:4)
  2 ogres
  Sigmund (D:2)
  A giant frog (D:5)
  A centaur (D:5)
  A giant frog zombie (D:5)
  A crimson imp (D:3)
  2 big fish
  2 orc wizards (D:4)
  5 adders
  A giant mite (D:3)
  3 worms
  A giant eyeball (D:4)
  A gnoll zombie (D:5)
  7 orcs
  7 giant cockroaches
  9 goblins
  11 hobgoblins
  14 jackals
  22 kobolds
  3 quokkas
  8 ball pythons
  5 bats
  5 giant geckos
  A giant gecko zombie (D:5)
  5 giant newts
  9 rats
  A plant (Sewer)
132 creatures vanquished.

Vanquished Creatures (collateral kills)
  3 centaurs (D:5)
  2 orc priests (D:5)
  An orc wizard (D:4)
  An adder (D:5)
  3 gnolls (D:5)
  A giant gecko (D:5)
  5 orcs
  A giant cockroach (D:5)
  2 hobgoblins
  A quokka (D:5)
  A goblin zombie (D:5)
21 creatures vanquished.

Vanquished Creatures (others)
  A centaur zombie (D:5)
  A gnoll zombie (D:5)
  An orc zombie (D:4)
  3 rats (D:4)
6 creatures vanquished.

Grand Total: 159 creatures vanquished

Notes
Turn   | Place    | Note
--------------------------------------------------------------
     0 | D:1      | hrbhrr, the Hill Orc Death Knight, began the quest for the Orb.
     0 | D:1      | Reached XP level 1. HP: 17/17 MP: 2/2
    90 | D:1      | Reached XP level 2. HP: 8/24 MP: 4/4
   240 | D:1      | Reached skill level 4 in Axes
   424 | D:1      | Reached XP level 3. HP: 29/29 MP: 5/5
   599 | D:1      | Acquired Yredelemnul's second power
   691 | D:2      | Reached skill level 5 in Axes
   762 | D:2      | Noticed Sigmund
  1097 | D:3      | Reached skill level 6 in Axes
  1097 | D:3      | Reached XP level 4. HP: 33/37 MP: 7/7
  1320 | D:3      | Found a glowing drain.
  1330 | D:3      | Reached XP level 5. HP: 36/42 MP: 9/9
  1340 | Sewer    | Entered a sewer
  1361 | Sewer    | Reached skill level 7 in Axes
  2463 | D:4      | Acquired Yredelemnul's third power
  2483 | D:4      | Noticed kroupouk's ghost (average HuAK)
  2726 | D:4      | Noticed a phantom
  2937 | D:4      | Reached skill level 8 in Axes
  2937 | D:4      | Reached XP level 6. HP: 42/49 MP: 10/10
  3208 | D:4      | Killed kroupouk's ghost
  3208 | D:4      | Reached skill level 9 in Axes
  3208 | D:4      | Reached XP level 7. HP: 13/56 MP: 10/12
  3427 | D:4      | Noticed an ogre
  3445 | D:4      | Killed an ogre
  3445 | D:4      | Reached skill level 10 in Axes
  3515 | D:4      | Paralysed by a giant eyeball for 3 turns
  3567 | D:4      | Found a bloodstained altar of Trog.
  3678 | D:4      | Killed a phantom
  3746 | D:4      | Received a gift from Yredelemnul
  3978 | D:2      | Killed Sigmund
  3989 | D:2      | Found a sparkling altar of Nemelex Xobeh.
  4189 | D:5      | Entered Level 5 of the Dungeon
  4294 | D:5      | Reached skill level 11 in Axes
  4448 | D:5      | Found a staircase to the Ecumenical Temple.
  4489 | Temple   | Entered the Ecumenical Temple
  4619 | D:5      | Reached XP level 8. HP: 59/62 MP: 13/13
  4728 | D:5      | Received a gift from Yredelemnul
  4949 | D:5      | Reached skill level 12 in Axes
  5019 | D:5      | HP: 2/62 [flying skull[the player character] (3)]
  5020 | D:5      | Slain by a flying skull

Action                   |  1- 3 |  4- 6 |  7- 9 || total
-------------------------+-------+-------+-------++-------
Melee: Hand axe          |   138 |   299 |   187 ||   624
 Fire: Blowgun           |       |       |     5 ||     5
Invok: Animate Dead      |       |     1 |     8 ||     9
       Injury Mirror     |       |       |     1 ||     1
  Use: Potion            |     1 |       |     3 ||     4
       Scroll            |       |     6 |     6 ||    12
 Stab: Distracted        |       |       |     1 ||     1
